 Dungeon Crawl Stone Soup version 0.31.0-11-ge490571c62 (webtiles) character file.

Game seed: 15620870065305279215

91 ezpacito the Chopper (level 4, 0/35 HPs)
             Began as a Demonspawn Berserker on Jan 31, 2024.
             Was a Follower of Trog.
             Slain by an ufetubus (1 damage)
             ... on level 4 of the Dungeon.
             The game lasted 00:01:30 (1130 turns).

ezpacito the Chopper (Demonspawn Berserker)         Turns: 1130, Time: 00:01:31

Health: 0/35       AC:  5    Str: 17    XL:     4   Next: 34%
Magic:  4/4        EV: 12    Int:  7    God:    Trog [*.....]
Gold:   40         SH:  0    Dex: 15    Spells: 3/3 levels left

rFire   . . .        a - +0 hand axe
rCold   . . .        (no shield)
rNeg    . . .        i - +0 ring mail
rPois   .            (no helmet)
rElec   .            (no cloak)
rCorr   .            (no gloves)
SInv    .            (no boots)
Will    .....        (no amulet)
Stlth   +            (no ring)
HPRegen 0.25/turn    (no ring)
MPRegen 0.09/turn

%: no passive effects
@: on berserk cooldown, attractive, slowed, very slow
A: hooves 1, sturdy frame 1
a: Renounce Religion, Berserk


You were on level 4 of the Dungeon.
You worshipped Trog.
Trog was aware of your devotion.
You visited 1 branch of the dungeon, and saw 3 of its levels.

You collected 40 gold pieces.

Inventory:

Hand Weapons
 a - a +0 hand axe (weapon)
 g - a +1 dagger of flaming
Missiles
 f - 4 poisoned darts (quivered)
 h - 3 stones
Armour
 i - a +0 ring mail (worn)
Talismans
 b - a beast talisman
 j - a blade talisman
Scrolls
 d - 3 scrolls of identify {unknown}
 k - a scroll of noise {unknown}
 l - a scroll of teleportation {unknown}
 m - a scroll of torment {unknown}
 n - a scroll of revelation {unknown}


   Skills:
 * Level 3.3 Fighting
 * Level 3.6 Axes
 * Level 2.2 Armour
 * Level 2.2 Dodging
 * Level 0.6 Stealth
 * Level 0.8 Unarmed Combat
 * Level 0.3 Shapeshifting


You had 3 spell levels left.
You didn't know any spells.
Your spell library was empty.

Dungeon Overview and Level Annotations

Branches:
Dungeon (2/15)

Altars:
Makhleb


Innate Abilities, Weirdness & Mutations

You have large cloven feet.
Your movements are slightly less encumbered by armour. (ER -2)


Message History

The goblin shoots a sling bullet.
The sling bullet misses you. The ufetubus misses you. The ufetubus hits you.
* * * LOW HITPOINT WARNING * * *
The ufetubus misses you. The ufetubus closely misses you.
The ufetubus hits you but does no damage.
The ufetubus closely misses you.
The goblin shoots a sling bullet.
The sling bullet completely misses you.
You hear a shout! x2
The goblin is attracted toward you.
Blink to where?
Press: ? - help, Dir - move target
As you read the scroll labelled HAET NUSUA, it crumbles to dust.
It was a scroll of blinking.
The ufetubus is attracted toward you. x2
The ufetubus barely misses you. The ufetubus hits you.
* * * LOW HITPOINT WARNING * * *
The ufetubus hits you but does no damage.
The ufetubus misses you. The ufetubus barely misses you. x2
The ufetubus slips past you! The ufetubus closely misses you.
The ufetubus hits you but does no damage.
You slash the ufetubus!
The ufetubus is almost dead.
You hit the ufetubus. The ufetubus misses you.
The ufetubus hits you but does no damage. x2
The ufetubus barely misses you. x2
The ufetubus hits you but does no damage.
The ufetubus hits you.
* * * LOW HITPOINT WARNING * * *
The ufetubus closely misses you. The ufetubus hits you.
* * * LOW HITPOINT WARNING * * *
The ufetubus hits you.
* * * LOW HITPOINT WARNING * * *
Unknown command.
You hit the ufetubus.
You kill the ufetubus!
Trog accepts your kill.
You hit the ufetubus. The ufetubus slips past you!
The ufetubus closely misses you. The ufetubus barely misses you. x2
The ufetubus closely misses you. The ufetubus barely misses you.
The ufetubus hits you.
You die...

.#.......†...##......#.#..
.#.....).....##......._.
#............'.§....#
#............#§........
..............#.........
##............§....g)...
.......................
..............####...##
....####.#...@5+...'§
...........#####...#. ...
###..... #.... #....
..#... ...#... .. #...


You could see an ufetubus.

Vanquished Creatures
  A howler monkey (D:4)
  3 adders (D:4)
  An ufetubus (D:4)
  A dart slug (D:1)
  A ribbon worm (D:2)
  A bat (D:1)
  4 endoplasms
  A giant cockroach (D:1)
  3 goblins
  3 hobgoblins (D:1)
  2 kobolds (D:1)
  2 ball pythons
  A frilled lizard (D:2)
24 creatures vanquished.

Notes
Turn   | Place    | Note
-------+----------+-------------------------------------------
     0 | D:1      | ezpacito the Demonspawn Berserker began the quest for the
                  | Orb.
     0 | D:1      | Reached XP level 1. HP: 18/18 MP: 1/1
   122 | D:1      | Gained mutation: Your movements are slightly less
                  | encumbered by armour. (ER -2) [demonic ancestry]
   122 | D:1      | Reached XP level 2. HP: 15/24 MP: 2/2
  1041 | D:2      | You fall into a shaft and drop 2 floors!
  1042 | D:4      | Found a burning altar of Makhleb.
  1093 | D:4      | Noticed a howler monkey
  1107 | D:4      | Killed a howler monkey
  1108 | D:4      | Reached XP level 3. HP: 24/29 MP: 3/3
  1109 | D:4      | Gained mutation: You have large cloven feet. [demonic
                  | ancestry]
  1109 | D:4      | Reached XP level 4. HP: 27/35 MP: 4/4
  1129 | D:4      | HP: 1/35 [ufetubus (1)]
  1130 | D:4      | Slain by an ufetubus

Illustrated notes

Levels and vault maps discovered:
D:1:      scummos_arrival_simple_fountains, layout_basic
D:2:      layout_basic, serial_shops, nicolae_shop_real_fake_doors, basic_altar,
          shapermc_ecumenical_altar_mp_vishouse
D:4:      layout_basic, lemuel_crystal_altar, nicolae_elevator_lobby_plus

Skill      XL: |  1  2 |
---------------+-------+-----
Axes           | 3 |  3.6
Dodging        | 2 |  2.2
Armour         | 2 |  2.2
Fighting       | |  3.3
Stealth        | |  0.6
Unarmed Combat | |  0.8
Shapeshifting  | |  0.3

Action                     |  1- 3 |  4- 6 || total
---------------------------+-------+-------++-------
  Melee: Hand axe          |    70 |     4 ||    74
 Invoke: Berserk           |     1 |       ||     1
    Use: Scroll            |       |     1 ||     1
         Potion            |       |     1 ||     1
 Armour: Animal skin       |    12 |       ||    12
         Ring mail         |    25 |    16 ||    41
  Dodge: Dodged            |    42 |    28 ||    70
